 Dungeon Crawl Stone Soup version 0.32-a0-898-g7811c86cf0 (webtiles) character file.

Game seed: 757364748888056916

5695 dialectric the Changeling (level 10, -4/100 HPs)
             Began as a Troll Shapeshifter on Apr 5, 2024.
             Slain by a boulder beetle (18 damage)
             ... on level 9 of the Dungeon.
             The game lasted 00:11:44 (8047 turns).

dialectric the Changeling (Troll Shapeshifter)      Turns: 8047, Time: 00:11:45

Health: -4/100     AC: 12    Str: 26    XL:     10   Next: 47%
Magic:  9/9        EV:  9    Int:  6    God:
Gold:   546        SH:  0    Dex: 11    Spells: 9/9 levels left

rFire   . . .        E - +3 whip (flame)
rCold   + . .        (no shield)
rNeg    . . .        N - +2 swamp dragon scales
rPois   +            (helmet currently unavailable)
rElec   .            (cloak currently unavailable)
rCorr   .            (gloves unavailable)
SInv    .            (boots unavailable)
Will    .....        (no amulet)
Stlth   +            n - +4 ring of slaying
HPRegen 1.16/turn    K - ring of protection from cold
MPRegen 0.11/turn

%: no passive effects
@: beast-form
A: beast (slay +4), large, unfitting armour, claws 3, regeneration 1, shaggy fur
1, tough skin 1
a: Begin Untransformation


You were on level 9 of the Dungeon.
You were a hulking beast.
You visited 1 branch of the dungeon, and saw 9 of its levels.
You also visited: Sewer.

You collected 546 gold pieces.

Inventory:

Hand Weapons
 b - a +0 whip of electrocution
 h - a +2 short sword of freezing
 y - a +1 short sword of draining
 E - a +3 whip of flaming (weapon)
 F - a +0 morningstar
 Q - a +4 trident of draining
Missiles
 r - a curare-tipped dart
 u - a throwing net (quivered)
 v - 28 poisoned darts
Armour
 a - a +1 animal skin
 G - an orb of guile
 H - the +2 ratskin cloak {*Rats rPois rN+ Str-1 Int-1 Dex+1}
   (You found it on level 4 of the Dungeon)

   *Rats:     When the wearer is hurt, rats may emerge from it to assist them.
   Str-1:     It affects your strength (-1).
   Int-1:     It affects your intelligence (-1).
   Dex+1:     It affects your dexterity (+1).
   rPois:     It protects you from poison.
   rN+:       It protects you from negative energy.
 N - +2 swamp dragon scales (worn)
Jewellery
 n - a +4 ring of slaying (left claw)
 t - an amulet of magic regeneration
 K - a ring of protection from cold (right claw)
 L - a +6 ring of intelligence
 P - an amulet of regeneration
Talismans
 c - a beast talisman (active)
 d - a flux talisman
 R - a serpent talisman
Wands
 C - a wand of charming (12)
 J - a wand of polymorph (12)
 M - a wand of warping (7)
Scrolls
 e - 2 scrolls of fog {unknown}
 i - a scroll of identify
 j - 2 scrolls of teleportation {unknown}
 k - 2 scrolls of poison {unknown}
 l - a scroll of brand weapon {unknown}
 p - a scroll of amnesia
 q - 2 scrolls of vulnerability
 s - a scroll of enchant weapon
 S - a scroll of silence {unknown}
Potions
 f - 2 potions of attraction
 g - 5 potions of curing
 m - 3 potions of haste
 o - a potion of enlightenment
 w - 2 potions of brilliance
 x - 5 potions of heal wounds
 z - 3 potions of magic
 A - 3 potions of invisibility
 B - a potion of might {unknown}
 D - 2 potions of degeneration {unknown}
 O - 2 potions of lignification
 T - 2 potions of berserk rage {unknown}
Miscellaneous
 I - a condenser vane


   Skills:
 + Level 6.7 Fighting
 - Level 1.2 Short Blades
 * Level 6.4 Maces & Flails
 + Level 4.6 Armour
 + Level 5.9 Dodging
 - Level 3.0 Unarmed Combat
 - Level 7.1 Shapeshifting


You had 9 spell levels left.
You didn't know any spells.
Your spell library contained the following spells:

 Spells                   Type           Power      Damage    Failure   Level
 Slow                     Hex            0%         N/A       58%         1
 Blink                    Tloc           0%         N/A       73%         2
 Ensorcelled Hibernation  Hex/Ice        0%         N/A       73%         2
 Lesser Beckoning         Tloc           0%         N/A       73%         2
 Momentum Strike          Conj/Tloc      0%         3d8       73%         2
 Confusing Touch          Hex            0%         N/A       91%         3
 Fugue of the Fallen      Necr           0%         N/A       91%         3
 Inner Flame              Hex/Fire       0%         N/A       91%         3
 Ozocubu's Armour         Ice            0%         N/A       91%         3
 Passwall                 Erth           0%         N/A       91%         3
 Swiftness                Air            0%         N/A       91%         3
 Vampiric Draining        Necr           0%         2d6       91%         3
 Volatile Blastmotes      Fire/Tloc      0%         2d10      91%         3
 Cause Fear               Hex            0%         N/A       100%        4
 Flame Wave               Conj/Fire      0%         2d4       100%        4
 Sticky Flame             Fire/Alch      0%         2d4       100%        4
 Vhi's Electric Charge    Tloc/Air       0%         N/A       100%        4
 Fireball                 Conj/Fire      0%         3d3       100%        5
 Bombard                  Conj/Erth      0%         9d1       100%        6
 Manifold Assault         Tloc           0%         N/A       100%        7
 Dragon's Call            Summ           0%         N/A       100%        9


Dungeon Overview and Level Annotations

Branches:
Dungeon (9/15)             Temple (0/1) D:6             Orc (0/2) D:9
  Sewer (visited)
   Lair: D:8-11

Altars:
Cheibriados
Wu Jian
Xom

Shops:
D:2 (   D:7 :   D:9 [

Annotations:
D:3 2 transporters, AutarchDCSS's ghost, amateur MDEE


Innate Abilities, Weirdness & Mutations

You are a hulking beast.
Your limbs bulge with bestial killing power. (Slay +4)
You are too large for most types of armour.
You have claws for hands.
Your natural rate of healing is unusually fast.
You are covered in fur. (AC +1)
You have tough skin. (AC +1)


Message History

You are too injured to fight recklessly!
You are too injured to fight recklessly!
You are too injured to fight recklessly!
You are too injured to fight recklessly!
Unknown command.
You feel better. The boulder beetle misses you.
Unknown command.
Okay, then.
Okay, then.
A boulder beetle is nearby!
You hit the boulder beetle. You burn the boulder beetle.
The boulder beetle is lightly wounded.
The boulder beetle closely misses you.
You whack the boulder beetle! You burn the boulder beetle.
The boulder beetle is moderately wounded.
The boulder beetle completely misses you.
You hit the boulder beetle but do no damage.
The boulder beetle is moderately wounded.
You hit the boulder beetle. You burn the boulder beetle.
The boulder beetle is moderately wounded.
The boulder beetle waves its antennae.
The boulder beetle bites you but does no damage.
You hit the boulder beetle but do no damage.
The boulder beetle is moderately wounded.
The boulder beetle bites you!
* * * LOW HITPOINT WARNING * * *
You whack the boulder beetle! You burn the boulder beetle.
The boulder beetle is heavily wounded.
The boulder beetle bites you but does no damage.
You hit the boulder beetle but do no damage.
The boulder beetle is heavily wounded.
Unknown command.
You thrash the boulder beetle!! You burn the boulder beetle.
The boulder beetle is almost dead.
The boulder beetle bites you!
* * * LOW HITPOINT WARNING * * *
You hit the boulder beetle. You burn the boulder beetle.
The boulder beetle is almost dead.
The boulder beetle bites you!!
You die...

#..................#.
#....................
#......)............. #
#......)#..).....###. #
#......)#......### #. ##
########.......######.# #. .##
.......#............#.# #.
..###.......'..........>.#.# #.
....####....#...hB.....#+#.# #.
.......######..........'...# #.
.....................###...#####.
.....................#...........
.....................#...........
###'##......##+##....#..#######..
+....#......#...#....##.# #..
#....#......#...#.....#.# ##..
#....#......#...#.....#.# #...


You could see a boulder beetle.

Vanquished Creatures
  Pikel (D:5)
  A gargoyle (D:6)
  Maggie (D:7)
  Jeremiah (D:9)
  2 hornets
  A wyvern (D:9)
  Eustachio (D:4)
  A steam dragon (D:9)
  Edmund (D:6)
  A water moccasin (D:6)
  Duvessa (D:6)
  2 orc warriors
  An ice beast (D:8)
  5 ogres
  5 centaurs
  A lemure (D:5)
  A phantom (D:4)
  A bullfrog (D:9)
  4 kobold brigands
  3 scorpions
  7 wights
  Dowan (D:6)
  5 orc priests
  2 bombardier beetles (D:4)
  4 hounds
  A jelly (D:6)
  A sleepcap (D:5)
  A gnoll bouda (D:8)
  7 iguanas
  6 orc wizards
  Robin (D:3)
  11 gnolls
  8 adders
  2 shadow imps
  A white imp (D:7)
  6 ufetubi
  3 dart slugs (D:4)
  2 ribbon worms
  30 orcs
  6 ball pythons
  7 endoplasms
  6 giant cockroaches
  9 goblins
  14 hobgoblins
  24 kobolds
  5 quokkas (D:1)
  7 bats
  4 frilled lizards
  8 rats
224 creatures vanquished.

Notes
Turn   | Place    | Note
-------+----------+-------------------------------------------
     0 | D:1      | dialectric the Troll Shapeshifter began the quest for the
                  | Orb.
     0 | D:1      | Reached XP level 1. HP: 18/18 MP: 0/0
   169 | D:1      | Reached skill level 1 in Fighting
   297 | D:1      | Reached XP level 2. HP: 27/27 MP: 1/1
   834 | D:1      | Reached XP level 3. HP: 31/35 MP: 2/2
  1024 | D:2      | Found Xauri's Weapon Shoppe.
  1903 | D:3      | Reached XP level 4. HP: 38/42 MP: 3/3
  1954 | D:3      | Noticed Robin
  1976 | D:3      | Killed Robin
  2195 | D:3      | Reached skill level 1 in Short Blades
  2253 | D:3      | Reached XP level 5. HP: 50/50 MP: 4/4
  2539 | D:3      | Found a transporter.
  2566 | D:3      | Found a transporter.
  2568 | D:3      | Noticed AutarchDCSS's ghost (amateur MDEE)
  2824 | D:4      | Noticed an ogre
  2826 | D:4      | Noticed Eustachio
  2834 | D:4      | Killed an ogre
  2835 | D:4      | Reached skill level 1 in Maces & Flails
  2835 | D:4      | Reached XP level 6. HP: 42/61 MP: 5/5
  2841 | D:4      | Killed Eustachio
  2842 | D:4      | Reached skill level 4 in Shapeshifting
  2895 | D:4      | Found a glowing drain.
  2971 | Sewer    | Entered a sewer
  3014 | Sewer    | Reached XP level 7. HP: 69/70 MP: 6/6
  3595 | D:4      | Reached skill level 1 in Armour
  3600 | D:4      | Found the +2 ratskin cloak {*Rats rPois rN+ Str-1 Int-1
                  | Dex+1}
  3755 | D:5      | Entered Level 5 of the Dungeon
  3926 | D:5      | Noticed Pikel
  3969 | D:5      | Killed Pikel
  3970 | D:5      | Reached skill level 5 in Shapeshifting
  3970 | D:5      | Reached XP level 8. HP: 59/79 MP: 7/7
  4031 | D:5      | Reached skill level 5 in Fighting
  4176 | D:5      | Found a snail-covered altar of Cheibriados.
  4359 | D:5      | Reached XP level 9. HP: 71/88 MP: 8/8
  4995 | D:6      | Noticed Duvessa
  4995 | D:6      | Noticed Dowan
  5000 | D:6      | Killed Dowan
  5011 | D:6      | Killed Duvessa
  5012 | D:6      | Reached skill level 6 in Shapeshifting
  5096 | D:6      | Found a staircase to the Ecumenical Temple.
  5137 | D:6      | Noticed Edmund
  5148 | D:6      | Killed Edmund
  5149 | D:6      | Reached skill level 5 in Dodging
  5305 | D:6      | Noticed a gargoyle
  5317 | D:6      | Killed a gargoyle
  5528 | D:7      | Learned a level 3 spell: Swiftness
  5684 | D:7      | Found Weyss's Book Boutique.
  5918 | D:7      | Reached skill level 5 in Maces & Flails
  6037 | D:7      | Noticed Maggie
  6055 | D:7      | Killed Maggie
  6698 | D:8      | Reached XP level 10. HP: 93/98 MP: 9/9
  7142 | D:8      | Found a shimmering altar of Xom.
  7143 | D:8      | Found an ornate altar of the Wu Jian Council.
  7391 | D:9      | Noticed Jeremiah
  7430 | D:9      | Killed Jeremiah
  7529 | D:9      | Reached skill level 7 in Shapeshifting
  7801 | D:9      | Found a staircase to the Orcish Mines.
  7847 | D:9      | Found Elaef's Antique Armour Shoppe.
  8028 | D:9      | Noticed a boulder beetle
  8047 | D:9      | Slain by a boulder beetle

Illustrated notes

Levels and vault maps discovered:
D:1:      dpeg_arrival_castle, layout_loops_corners, minmay_misc_feat_five
D:2:      layout_loops_corners, serial_shops, nicolae_square_shop,
          kennysheep_generic_room_4
D:3:      layout_basic, gammafunk_ghost_mausoleum, uniq_robin
D:4:      layout_loops_corners, portal_sewer_entry_a, uniq_eustachio
D:5:      layout_basic, minmay_ruined_shrine, uniq_pikel
D:6:      layout_cave_pools, minmay_temple_entry_large_hall, uniq_edmund,
          uniq_duvessa
D:7:      layout_layer_cave, serial_shops, shop, uniq_maggie
D:8:      layout_loops_ring, gammafunk_temple_overflow_statue,
          kennysheep_generic_room_12
D:9:      minmay_sliced_demisemicircle, layout_irregular_city, orc_0_dummy,
          serial_shops, shop, nicolae_concentric_dashed_squares_mild,
          skrybe_limestone_x, uniq_jeremiah

Skill      XL: |  1  2  3  4  5  6  7  8  9 10 |
---------------+-------------------------------+-----
Fighting       | 1 2 3 4 5 6 |  6.7
Dodging        | 2 3 4 5 |  5.9
Short Blades   | 1 |  1.2
Maces & Flails | 1 2 3 4 5 6 |  6.4
Shapeshifting  | 4 5 6 7 |  7.1
Armour         | 2 3 4 |  4.6
Unarmed Combat | |  3.0

Action                     |  1- 3 |  4- 6 |  7- 9 | 10-12 || total
---------------------------+-------+-------+-------+-------++-------
  Melee: Unarmed           |    33 |       |       |       ||    33
         Short sword       |    78 |    83 |       |       ||   161
         Whip              |       |    89 |   317 |   117 ||   523
    Use: Potion            |       |     2 |     2 |     2 ||     6
         Scroll            |       |     1 |     3 |     9 ||    13
   Stab: Distracted        |       |     1 |       |       ||     1
         Sleeping          |       |       |     1 |       ||     1
         Invisible         |       |       |       |     1 ||     1
 Armour: Animal skin       |    68 |    87 |   238 |       ||   393
         Skin              |       |    61 |       |       ||    61
         Swamp dragon scal |       |       |    29 |   103 ||   132
  Dodge: Dodged            |    48 |    60 |   175 |    57 ||   340

Table legend: (Time is in decaauts)
 A = Elapsed time spent in this place.
 B = Non-inter-level travel time spent in this place.
 C = Inter-level travel time spent in this place.
 D = Time resting spent in this place.
 E = Time spent auto-exploring this place.
 F = Levels seen in this place.
 G = Mean time per level.
                   A        B        C        D        E       F      G
               +--------+--------+--------+--------+--------+-----+--------+
         Total |   7985 |   7630 |    355 |    275 |   5474 |  10 |  798.5 |
       Dungeon |   7715 |   7360 |    355 |    275 |   5356 |   9 |  857.2 |
         Sewer |    269 |    269 |      0 |      0 |    118 |   1 |  269.0 |
               +--------+--------+--------+--------+--------+-----+--------+

Top non-repeatable levels by time:
     D:7: 1085 daAuts
     D:4: 992 daAuts
     D:5: 990 daAuts
     D:1: 961 daAuts
     D:2: 837 daAuts
     D:3: 787 daAuts
     D:9: 708 daAuts
     D:8: 681 daAuts
     D:6: 670 daAuts
   Sewer: 269 daAuts
